 Dungeon Crawl Stone Soup version 0.28.0-45-g0d030f2227 (webtiles) character file.

Game seed: 14414610680458131252

532 pkoi the Insei (level 6, -1/48 HPs)
             Began as a Demigod Gladiator on Apr 8, 2022.
             Slain by an orc wizard
             ... wielding a +0 dagger
              (2 damage)
             ... on level 5 of the Dungeon.
             The game lasted 00:04:25 (6563 turns).

pkoi the Insei (Demigod Gladiator)                  Turns: 6563, Time: 00:04:26

Health: -1/48      AC:  4    Str: 16 (19) XL:     6   Next: 73%
Magic:  8/8        EV: 13    Int:  8 (10) God:
Gold:   65         SH:  0    Dex: 17 (19) Spells: 5/5 levels left

rFire   . . .      SeeInvis .   j - +5 whip (flame)
rCold   . . .      Faith    .   (no shield)
rNeg    . . .      Spirit   .   a - +0 leather armour
rPois   .          Reflect  .   b - +0 helmet
rElec   .          Harm     .   (no cloak)
rCorr   .          Rampage  .   (no gloves)
Will    .....                   (no boots)
Stlth   +.........              (no amulet)
HPRegen 0.16/turn               (no ring)
MPRegen 0.11/turn               (no ring)

@: confused
A: high MP 1, forlorn, divine attributes
a: no special abilities


You were on level 5 of the Dungeon.
You visited 2 branches of the dungeon, and saw 6 of its levels.

You collected 243 gold pieces.
You spent 178 gold pieces at shops.

Inventory:

Hand Weapons
 g - a +0 short sword
 i - a +2 dagger of flaming
 j - a +5 whip of flaming (weapon)
 l - a +2 dagger of protection
 y - the +1 flail "Gram" {venom, rF- Will+ Int+9}
   (You bought it in a shop on level 4 of the Dungeon)

   It poisons the flesh of those it strikes.
   Int:       It affects your intelligence (+9).
   rF:        It makes you vulnerable to fire.
   Will:      It increases your willpower.
Missiles
 t - 7 poisoned darts (quivered)
Armour
 a - a +0 leather armour (worn)
 b - a +0 helmet (worn)
Jewellery
 m - a +4 ring of protection
Scrolls
 f - 2 scrolls of amnesia
 h - a scroll of fear {unknown}
 k - a scroll of enchant armour {unknown}
 q - 3 scrolls of teleportation
 r - 2 scrolls of fog {unknown}
 s - 5 scrolls of identify
 u - a scroll of noise {unknown}
 w - a scroll of vulnerability {unknown}
 x - a scroll of magic mapping {unknown}
Potions
 d - 2 potions of lignification
 e - 2 potions of brilliance
 n - a potion of flight
 o - a potion of haste
 p - a potion of curing


   Skills:
 + Level 2.3 Fighting
 - Level 1.7 Throwing
 + Level 3.1 Dodging
 * Level 7.0 Unarmed Combat


You had 5 spell levels left.
You didn't know any spells.
Your spell library contained the following spells:

 Spells                   Type           Power      Damage    Failure   Level
 Animate Skeleton         Necr           0%         N/A       47%         1
 Pain                     Necr           0%         1d4       47%         1


Dungeon Overview and Level Annotations

Branches:
Dungeon (5/15)             Temple (1/1) D:4

Shops:
D:4 (


Innate Abilities, Weirdness & Mutations

You have an increased reservoir of magic. (+10% MP)
You shall have no god before yourself.
Your divine heritage dramatically boosts your attributes as you level up.


Message History

* * * LOW HITPOINT WARNING * * *
You closely miss something. Something hits you.
* * * LOW HITPOINT WARNING * * *
You aren't carrying any items that you can evoke.
Okay, then.
Throw: 2 throwing nets
Press: ? - help, Q - select action, (/) - cycle Shift-Dir - straight line, f - orc
Aim: an orc, wielding a +0 club (62% to hit)
You throw a throwing net. The throwing net hits the orc.
The orc is caught in the net!
The orc struggles against the net.
Something barely misses you.
Throw: throwing net
Press: ? - help, Q - select action, (/) - cycle Shift-Dir - straight line, f/p - orc
Aim: an orc, wielding a +0 club (entangled in a net, 90% to hit)
You throw a throwing net. The throwing net hits the orc.
The orc struggles against the net.
Unknown command.
You hit something. You burn something.
You hear some strange, mumbled words.
A puff of flame appears from out of thin air!
The puff of flame hits you.
* * * LOW HITPOINT WARNING * * *
The orc struggles against the net.
Something hits you.
* * * LOW HITPOINT WARNING * * *
It was a potion of degeneration.
There was something very wrong with that liquid.
You feel weakened.
You feel dopey.
You feel clumsy.
The orc struggles against the net.
You hear some strange, mumbled words.
Something tries to affect you, but you resist.
You feel better.
The orc struggles against the net.
The net rips apart, and the orc comes free!
You hear some strange, mumbled words.
You are confused.
You bump into the rock wall.
Something hits you.
* * * LOW HITPOINT WARNING * * *
You bump into the rock wall.
Something hits you.
* * * LOW HITPOINT WARNING * * *
You're too confused to move!
Something hits you.
You die...

....)....#.......
.................
........o........
.................
.........#.......
.........o.....#
..#####.o.############
###.####.......#
#.o{@........#
#########.......#
#######...............#
####.......#######.......#
.....####### #.......#
###### #########


You could see an orc.

Vanquished Creatures
  2 scorpions (D:4)
  A howler monkey (D:5)
  2 orc priests
  An iguana (D:2)
  Jessica (D:2)
  Natasha (thrice) (D:3)
  An orc wizard (D:5)
  6 adders
  2 ufetubi
  An adder skeleton (D:4)
  2 worms
  3 dart slugs
  14 orcs
  3 bats
  2 endoplasms
  3 giant cockroaches
  4 goblins
  10 hobgoblins
  4 jackals (D:1)
  8 kobolds
  4 quokkas
  5 ball pythons
  3 frilled lizards
  4 rats
89 creatures vanquished.

Notes
Turn   | Place    | Note
-------+----------+-------------------------------------------
     0 | D:1      | pkoi the Demigod Gladiator began the quest for the Orb.
     0 | D:1      | Reached XP level 1. HP: 17/17 MP: 3/3
    43 | D:1      | Reached skill level 3 in Unarmed Combat
   582 | D:1      | Reached XP level 2. HP: 23/24 MP: 4/4
  1256 | D:2      | Reached skill level 4 in Unarmed Combat
  1256 | D:2      | Reached XP level 3. HP: 8/29 MP: 5/5
  1617 | D:2      | Noticed Jessica
  1980 | D:2      | Killed Jessica
  2010 | D:2      | Got Jessica's Volume of Evil Arts
  2295 | D:2      | Reached XP level 4. HP: 10/36 MP: 6/6
  2747 | D:2      | Reached skill level 5 in Unarmed Combat
  3372 | D:3      | Noticed Natasha
  3812 | D:3      | Reached XP level 5. HP: 23/41 MP: 7/7
  3948 | D:3      | Killed Natasha
  4438 | D:3      | Noticed Natasha
  4443 | D:3      | Killed Natasha
  4444 | D:3      | Reached skill level 6 in Unarmed Combat
  4577 | D:3      | Noticed Natasha
  4582 | D:3      | Killed Natasha
  5029 | D:4      | Reached XP level 6. HP: 26/48 MP: 8/8
  5308 | D:4      | Found Daeskef's Antique Weapon Shoppe.
  6030 | D:4      | Found a staircase to the Ecumenical Temple.
  6047 | Temple   | Entered the Ecumenical Temple
  6319 | D:4      | Bought an iridescent flail for 178 gold pieces
  6319 | D:4      | Identified the +1 flail "Gram" {venom, rF- Will+ Int+9}
                  | (You bought it in a shop on level 4 of the Dungeon)
  6325 | D:5      | Entered Level 5 of the Dungeon
  6550 | D:5      | Reached skill level 7 in Unarmed Combat
  6562 | D:5      | HP: 1/48 [something (4)]
  6563 | D:5      | Slain by an orc wizard

Illustrated notes

Levels and vault maps discovered:
D:1:      minmay_arrival_split_and_join, layout_loops_cross,
          hellmonk_ecumenical_altar_heavens_door, minmay_tetromino_i2
D:2:      layout_loops_ring, basic_altar, serial_aquarium,
          aquarium_bridge_square [aquarium_subvault_bridge,
          aquarium_subvault_bridge, aquarium_subvault_window,
          aquarium_subvault_wall], aquarium_bridge_square
          [aquarium_subvault_wall, aquarium_subvault_wall,
          aquarium_subvault_bridge, aquarium_subvault_bridge],
          aquarium_window_1, aquarium_window_fake, aquarium_view_2b,
          aquarium_view_2e, aquarium_balcony_double_1, kennysheep_jessica_study
D:3:      layout_loops_ring, mainiacjoe_overflow_large_starburst, uniq_jessica,
          uniq_natasha
D:4:      layout_basic, elyvilon_altar_4, temple_doors_ab, serial_shops, shop,
          hangedman_decor_diamond_cutter, dk_noncrumbling_3
D:5:      layout_rooms, corner_web_ring
Temple:   nicolae_temple_elliptical

Skill      XL: |  1  2  3  4  5  6 |
---------------+-------------------+-----
Unarmed Combat | 3 4 5 6 7 |  7.0
Fighting       | 2 |  2.3
Dodging        | 3 |  3.1
Throwing       | |  1.7

Action                   |  1- 3 |  4- 6 || total
-------------------------+-------+-------++-------
Melee: Unarmed           |    71 |    22 ||    93
       Short sword       |     2 |       ||     2
       Dagger            |    34 |       ||    34
       Punch             |     1 |     2 ||     3
       Whip              |       |   146 ||   146
Throw: Throwing net      |     1 |     2 ||     3
  Use: Scroll            |     9 |       ||     9
       Potion            |     1 |     3 ||     4
 Stab: Sleeping          |     1 |     2 ||     3
       Held in net/web   |     2 |       ||     2
Armor: Leather armour    |    28 |    36 ||    64
Dodge: Dodged            |    57 |    83 ||   140
